 Dungeon Crawl Stone Soup version 0.27.1-35-g4d5d836560 (webtiles) character file.

Game seed: 7201176439972978905

12160 pkoi the Destroyer (level 11, -4/85 HPs)
             Began as a Demigod Conjurer on May 19, 2022.
             Succumbed to a black mamba's poison
             ... on level 1 of the Lair of Beasts.
             The game lasted 00:19:41 (18830 turns).

pkoi the Destroyer (Demigod Conjurer)              Turns: 18830, Time: 00:19:41

Health: -4/85      AC:  7    Str:  8    XL:     11   Next: 33%
Magic:  4/29       EV: 14    Int: 38    God:
Gold:   522        SH:  0    Dex: 15    Spells: 7/18 levels left

rFire    + + .     SeeInvis .   J - +4 mace of the End {venom, rF++}
rCold    . . .     Faith    .   (no shield)
rNeg     . . .     Spirit   .   w - +0 robe {Will+}
rPois    .         Reflect  .   g - +1 helmet
rElec    .         Harm     .   M - +0 cloak
rCorr    .         Rampage  .   I - +1 pair of gloves
Will     ++...                  (no boots)
Stlth    ++........             H - amulet "Coduholua" {RegenMP Dex+3}
HPRegen  0.24/turn              t - ring of magical power
MPRegen  0.46/turn              h - +6 ring of intelligence

@: lethally poisoned (-4 -> -51)
A: high mp 1, forlorn
a: no special abilities


You were on level 1 of the Lair of Beasts.
You visited 2 branches of the dungeon, and saw 13 of its levels.
You also visited: Ossuary.

You collected 522 gold pieces.

Inventory:

Hand Weapons
 c - a +1 short sword
 m - the +8 trident "Sungi" {drain, Drain rPois Str+4}
   (You found it on level 4 of the Dungeon)

   A truly terrible weapon, it drains the life of any living foe it strikes.
   Str:       It affects your strength (+4).
   rPois:     It protects you from poison.
   Drain:     It drains your maximum health when unequipped.
 J - the +4 mace of the End (weapon) {venom, rF++}
   (You found it on level 10 of the Dungeon)

   It poisons the flesh of those it strikes.
   rF:        It greatly protects you from fire.
Armour
 g - a +1 helmet (worn)
 w - a +0 robe of willpower (worn)
 I - a +1 pair of gloves (worn)
 M - a +0 cloak (worn)
 N - a +0 troll leather armour
Magical Staves
 o - a staff of conjuration
Jewellery
 h - a +6 ring of intelligence (right hand)
 l - a ring of protection from fire
 t - a ring of magical power (left hand)
 u - a ring of positive energy
 B - a ring of see invisible
 C - a ring of resist corrosion
 G - a ring of ice
 H - the amulet "Coduholua" (around neck) {RegenMP Dex+3}
   (You acquired it on level 9 of the Dungeon)

   [amulet of magic regeneration]

   It increases your rate of magic regeneration.
   Dex:       It affects your dexterity (+3).
Wands
 e - a wand of digging (4)
 j - a wand of flame (16)
 q - a wand of acid (17)
 L - a wand of polymorph (11)
Scrolls
 d - 2 scrolls of identify
 n - a scroll of amnesia
 p - 3 scrolls of teleportation
 r - 2 scrolls of blinking
 v - a scroll of summoning
 y - 2 scrolls of enchant armour
 F - 4 scrolls of enchant weapon
 O - a scroll of holy word
Potions
 f - a potion of might
 i - 10 potions of curing
 k - 4 potions of heal wounds
 s - 4 potions of invisibility
 x - a potion of cancellation
 z - a potion of resistance
 A - a potion of brilliance
 D - 2 potions of flight
 E - 3 potions of haste
 K - a potion of ambrosia


   Skills:
 + Level 4.3 Fighting
 + Level 3.2 Armour
 + Level 4.9 Dodging
 + Level 3.4 Stealth
 + Level 4.1 Spellcasting
 * Level 11.3 Conjurations
 + Level 5.6 Hexes
 - Level 6.0 Translocations
 + Level 4.9 Evocations


You had 7 spell levels left.
You knew the following spells:

 Your Spells              Type           Power      Damage    Failure   Level
a - Magic Dart            Conj           100%       1d8       1%          1
b - Searing Ray           Conj           100%       3d7       1%          2
c - Iskenderun's Mystic   Conj/Tloc      65%        2d13      1%          4
d - Fulminant Prism       Conj/Hex       32%        3d16      1%          4

Your spell library contained the following spells:

 Spells                   Type           Power      Damage    Failure   Level
 Slow                     Hex            50%        N/A       1%          2
 Static Discharge         Conj/Air       50%        N/A       1%          2
 Confusing Touch          Hex            50%        N/A       1%          3
 Dazzling Flash           Conj/Hex       100%       N/A       1%          3
 Animate Skeleton         Necr           14%        N/A       3%          1
 Pain                     Necr           28%        1d5       3%          1
 Summon Small Mammal      Summ           28%        N/A       3%          1
 Summon Guardian Golem    Hex/Summ       29%        N/A       3%          3
 Sticky Flame             Conj/Fire      50%        2d7       3%          4
 Call Canine Familiar     Summ           7%         N/A       11%         3
 Vampiric Draining        Necr           3%         2d6       11%         3
 Dispel Undead            Necr           7%         3d8       36%         4


Dungeon Overview and Level Annotations

Branches:
Dungeon (12/15)            Temple (0/1) D:5            Lair (1/6) D:9
    Orc (0/2) D:9         Ossuary (visited)


Innate Abilities, Weirdness & Mutations

Your attributes grow dramatically as you level up.
You have an increased reservoir of magic. (+10% MP)
You shall have no god before yourself.


Message History

Aiming: Fulminant Prism (mildly dangerous; 1% risk of failure)
Press: ? - help, Dir - move target You conjure a prism of explosive energy!
A fulminant prism comes into view.
The black mamba bites you.
Unknown command.
The black mamba bites you.
You are poisoned.
The black mamba poisons you! The black mamba bites you!
You are more poisoned.
The black mamba poisons you!
Your fulminant prism crackles loudly.
* * * LOW HITPOINT WARNING * * *
You feel extremely sick. The black mamba bites you!
* * * LOW HITPOINT WARNING * * *
The black mamba bites you.
* * * LOW HITPOINT WARNING * * *
You are more poisoned.
The black mamba poisons you! The komodo dragon bites you!
* * * LOW HITPOINT WARNING * * *
Your fulminant prism explodes!
The blast of energy engulfs the komodo dragon!!
You kill the komodo dragon!
The blast of energy engulfs the black mamba!!
The black mamba is heavily wounded.
The blast of energy engulfs the bullfrog.
The bullfrog is lightly wounded.
You hear a croak.
You hear a loud, deep croak!
You hear a croak.
Unknown command.
Unknown command.
Casting: Fulminant Prism (mildly dangerous; 1% risk of failure)
Confirm with . or Enter, or press ? or * to list all spells.
You erupt in a blast of force!
The mystic blast hits the bullfrog!
The bullfrog is almost dead.
The bullfrog is knocked back by the mystic blast.
The mystic blast hits the black mamba!
The black mamba is severely wounded.
The black mamba is knocked back by the mystic blast.
You die...

#### P...#
###########..## ###....
#.........#...## #.....
##.............# ##.P..
###..............# #..P.
##....##.######...##≈.
#...# #....##### ###..≈.≈
#...# ###.....#######
#...≈.
#.).###......@†#....#
##.≈.≈
#.<.......####......#.##
##≈. #....>....##
#.......... ..
#.#...##....##...........
.
##...####..###...?S......
#...## ..## #...F.......
####. ... #........... #
#..## #........... ..
#...........


You could see a black mamba and a bullfrog.

Vanquished Creatures
  4 two-headed ogres
  A manticore (D:11)
  Maurice (D:11)
  7 centaur zombies
  Joseph (D:8)
  An unseen horror (D:11)
  Psyche (D:9)
  Maggie (D:6)
  A komodo dragon (Lair:1)
  3 trolls
  A hornet (D:9)
  2 wyverns
  3 wraiths (D:10)
  Sigmund (D:2)
  8 yaks
  A steam dragon (D:8)
  A water moccasin (D:5)
  4 orc warriors
  A hornet zombie (D:5)
  2 necrophages
  3 ogres
  A centaur (D:10)
  2 phantoms
  A bullfrog (D:9)
  10 scorpions
  A water moccasin skeleton (D:5)
  8 killer bees
  4 wights (D:8)
  A howler monkey (D:10)
  5 human zombies (Ossuary)
  A jelly (D:5)
  2 orc priests
  A gnoll shaman (D:8)
  3 hounds
  2 iguanas
  8 orc wizards
  Ijyb (D:3)
  3 scorpion zombies (Ossuary)
  A hound zombie (D:5)
  3 mummies (Ossuary)
  4 gnolls (D:8)
  A howler monkey skeleton (D:4)
  6 adders
  2 shadow imps
  A white imp (D:7)
  2 ufetubi (D:5)
  An adder skeleton (D:4)
  4 worms
  4 dart slugs
  31 orcs
  8 endoplasms
  3 giant cockroaches
  5 goblins
  3 hobgoblins (D:1)
  9 jackals (D:1)
  3 quokkas
  5 ball pythons
  6 bats
  2 frilled lizards
  5 gnoll zombies (Ossuary)
  A goblin zombie (Ossuary)
  A hobgoblin zombie (Ossuary)
  4 kobolds
  A kobold zombie (Ossuary)
  2 orc zombies (Ossuary)
  A quokka skeleton (D:3)
  7 rats
228 creatures vanquished.

Vanquished Creatures (others)
  76 fulminant prisms
  2 fungi (Lair:1)
  16 plants
94 creatures vanquished.

Grand Total: 322 creatures vanquished

Notes
Turn   | Place    | Note
-------+----------+-------------------------------------------
     0 | D:1      | pkoi the Demigod Conjurer began the quest for the Orb.
     0 | D:1      | Reached XP level 1. HP: 14/14 MP: 5/5
   384 | D:1      | Reached skill level 4 in Conjurations
   484 | D:1      | Reached XP level 2. HP: 20/20 MP: 1/7
   766 | D:1      | Learned a level 2 spell: Searing Ray
  1886 | D:1      | Reached XP level 3. HP: 26/26 MP: 6/8
  2153 | D:2      | Noticed Sigmund
  2333 | D:2      | Killed Sigmund
  2334 | D:2      | Reached skill level 6 in Conjurations
  2334 | D:2      | Reached XP level 4. HP: 33/33 MP: 3/9
  2334 | D:2      | Reached XP level 5. HP: 38/38 MP: 3/10
  2594 | D:2      | Learned a level 4 spell: Iskenderun's Mystic Blast
  3029 | D:2      | Found Attegedgh's Magic Scroll Shop.
  3947 | D:3      | Noticed Ijyb
  3954 | D:3      | Killed Ijyb
  4726 | D:4      | Reached skill level 1 in Translocations
  5408 | D:4      | Reached XP level 6. HP: 45/45 MP: 7/12
  5579 | D:4      | Identified the +8 trident "Sungi" {drain, Drain rPois
                  | Str+4}
  6549 | D:5      | Entered Level 5 of the Dungeon
  6903 | D:5      | Reached skill level 7 in Conjurations
  7188 | D:5      | Reached XP level 7. HP: 40/50 MP: 2/15
  7465 | D:5      | Learned a level 4 spell: Fulminant Prism
  7622 | D:5      | Reached skill level 8 in Conjurations
  8134 | D:5      | Found a staircase to the Ecumenical Temple.
  8151 | D:5      | Reached XP level 8. HP: 57/57 MP: 12/17
  8183 | D:5      | Reached skill level 1 in Hexes
  9218 | D:6      | Noticed a two-headed ogre
  9313 | D:6      | Reached skill level 1 in Evocations
  9329 | D:6      | Killed a two-headed ogre
  9330 | D:6      | Reached skill level 9 in Conjurations
  9693 | D:6      | Noticed Maggie
  9701 | D:6      | Killed Maggie
  9702 | D:6      | Reached XP level 9. HP: 40/62 MP: 4/18
 10319 | D:7      | Found a sand-covered staircase.
 10324 | Ossuary  | Entered an ossuary
 11229 | Ossuary  | Reached skill level 1 in Fighting
 11229 | Ossuary  | Reached skill level 1 in Armour
 11275 | Ossuary  | Reached skill level 5 in Translocations
 12959 | D:8      | Noticed Joseph
 12963 | D:8      | Killed Joseph
 13344 | D:8      | Reached skill level 10 in Conjurations
 14497 | D:8      | Reached XP level 10. HP: 73/73 MP: 19/19
 14702 | D:9      | Found a staircase to the Orcish Mines.
 14703 | D:9      | Noticed a two-headed ogre
 14710 | D:9      | Noticed Psyche
 14715 | D:9      | Killed Psyche
 14718 | D:9      | Killed a two-headed ogre
 15684 | D:9      | Identified a scroll of acquirement
 15684 | D:9      | Acquired the amulet "Coduholua" {RegenMP Dex+3}
 15847 | D:9      | Noticed a two-headed ogre
 15855 | D:9      | Killed a two-headed ogre
 15987 | D:9      | Found a staircase to the Lair.
 16135 | D:10     | Entered Level 10 of the Dungeon
 16629 | D:10     | Reached skill level 5 in Hexes
 16741 | D:10     | Noticed a two-headed ogre
 16771 | D:10     | Killed a two-headed ogre
 16772 | D:10     | Reached XP level 11. HP: 83/83 MP: 4/20
 17120 | D:10     | Identified the +4 mace of the End {venom, rF++}
 17340 | D:11     | Noticed Maurice
 17358 | D:11     | Killed Maurice
 17359 | D:11     | Reached skill level 11 in Conjurations
 18758 | Lair:1   | Entered Level 1 of the Lair of Beasts
 18787 | Lair:1   | Noticed a boulder beetle
 18830 | Lair:1   | Succumbed to a black mamba's poison

Illustrated notes

Levels and vault maps discovered:
D:1:      sevenhm_arrival_forest_fort_small_3, layout_basic,
          amcnicky_mini_pool_small
D:2:      layout_loops_ring, shapermc_ecumenical_altar_totnotflames,
          serial_shops, nicolae_shop_stone, uniq_sigmund
D:3:      layout_basic, serial_bayou_crossing, uniq_ijyb
D:4:      layout_cave_pools, lemuel_doored_altar, serial_bayou,
          serial_bayou_pond_c, serial_bayou_pond_d, serial_bayou_pond_a,
          serial_bayou_lagoon_a
D:5:      layout_basic, temple_hall, hangedman_decor_riveting
D:6:      layout_layer_cave, mainiacjoe_overflow_paths,
          nicolae_overflow_quartered_altars, uniq_maggie
D:7:      layout_gridville, enter_ossuary_2
D:8:      layout_basic, mainiacjoe_overflow_six_doors_small, uniq_joseph
D:9:      layout_basic, lair_entry_dummy, david_orc_2, uniq_psyche
D:10:     layout_rooms, mainiacjoe_overflow_small_starburst
D:11:     layout_loops_cross, uniq_maurice
D:12:     layout_stronghold, uniq_azrael
Lair:1:   layout_concentric_octagons, enter_volcano_1,
          nzn_masters_of_martial_movement

Skill      XL: |  1  2  3  4  5  6  7  8  9 10 11 |
---------------+----------------------------------+-----
Conjurations   | 4 6 7 8 9 10 11 | 11.3
Spellcasting   | 2 3 4 |  4.1
Translocations | 1 3 4 5 6 |  6.0
Hexes          | 3 4 5 |  5.6
Evocations     | 2 3 4 |  4.9
Dodging        | 3 4 |  4.9
Fighting       | 2 3 4 |  4.3
Armour         | 2 3 |  3.2
Stealth        | 2 3 |  3.4

Action                   |  1- 3 |  4- 6 |  7- 9 | 10-12 || total
-------------------------+-------+-------+-------+-------++-------
Melee: Short sword       |    18 |     2 |       |       ||    20
       Unarmed           |     1 |       |       |       ||     1
       Trident           |       |    21 |       |       ||    21
       Staff             |       |       |    15 |     2 ||    17
 Cast: Magic Dart        |    67 |    98 |   154 |    31 ||   350
       Searing Ray       |     2 |    14 |    12 |     1 ||    29
       Fulminant Prism   |       |       |    24 |    52 ||    76
       Iskenderun's Myst |       |       |    18 |    31 ||    49
  Use: Scroll            |       |     6 |    16 |     3 ||    25
       Potion            |       |       |     1 |       ||     1
Armor: Robe              |     6 |    20 |    17 |     7 ||    50
Dodge: Dodged            |    17 |    57 |    43 |    18 ||   135
